 Dungeon Crawl Stone Soup version 0.20.1-1-g8b1a95d (webtiles) character file.

152 wolfsongas the Chopper (level 5, 0/41 HPs)
             Began as a Demonspawn Fighter on Aug 1, 2017.
             Was a Follower of Dithmenos.
             Slain by Pemander's ghost (1 damage)
             ... on level 3 of the Dungeon.
             The game lasted 00:06:19 (2223 turns).

wolfsongas the Chopper (Demonspawn Fighter)         Turns: 2223, Time: 00:06:19

Health: 0/41       AC:  9    Str: 22    XL:     5   Next: 11%
Magic:  5/5        EV:  7    Int: 10    God:    Dithmenos [*.....]
Gold:   117        SH:  9    Dex: 12    Spells: 4/4 levels left

rFire    . . .     SeeInvis .   a - +0 war axe
rCold    . . .     Gourm    .   c - +0 shield
rNeg     . . .     Faith    .   b - +0 scale mail
rPois    .         Spirit   .   i - +1 hat
rElec    .         Reflect  .   (no cloak)
rCorr    .         Harm     .   (no gloves)
MR       .....                  (no boots)
Stlth    ..........             (no amulet)
Regen    0.2/turn               (no ring)
MPRegen  0.1/turn               (no ring)

@: mighty, lethally poisoned (0 -> -18), wreathed by umbra
A: thin metallic scales 1, rot immunity
a: Renounce Religion


You were on level 3 of the Dungeon.
You worshipped Dithmenos.
Dithmenos was aware of your devotion.
You were not hungry.

You visited 1 branch of the dungeon, and saw 3 of its levels.

You collected 117 gold pieces.

Inventory:

Hand Weapons
 a - a +0 war axe (weapon)
Armour
 b - a +0 scale mail (worn)
 c - a +0 shield (worn)
 i - a +1 hat (worn)
Wands
 e - a wand of flame (26/48)
 t - a wand of disintegration (9/24)
Scrolls
 g - 3 scrolls of remove curse
 h - 2 scrolls of enchant weapon
 k - a scroll of fear
Comestibles
 f - 4 bread rations
 j - 2 meat rations


   Skills:
 - Level 3.0 Fighting
 * Level 4.9 Axes
 - Level 2.6 Armour
 - Level 2.6 Shields


You had 4 spell levels left.
You didn't know any spells.

Dungeon Overview and Level Annotations

Branches:
Dungeon (3/15)

Altars:
Dithmenos

Annotations:
D:3 Pemander's ghost, amateur TeAE


Innate Abilities, Weirdness & Mutations

You are partially covered in thin metallic scales. (AC +2)
You are immune to rotting.


Message History

Pemander's ghost is heavily damaged.
Pemander's ghost hits you but does no damage.
You are poisoned.
Your shield prevents you from hitting Pemander's ghost.
Pemander's ghost is heavily damaged.
You feel sick.
Pemander's ghost hits you but does no damage.
You are lethally poisoned!
Pemander's ghost hits you but does no damage.
You closely miss Pemander's ghost.
Pemander's ghost is heavily damaged.
* * * LOW HITPOINT WARNING * * *
You feel sick. Pemander's ghost hits you.
* * * LOW HITPOINT WARNING * * *
You are more poisoned.
You closely miss Pemander's ghost.
Pemander's ghost is heavily damaged.
* * * LOW HITPOINT WARNING * * *
You feel sick. Pemander's ghost hits you.
You die...

*** ,,******** ,,,,,,,,,* ##
,,,,,,,,,** #. ,,,,****,,*** #.
***,***,,,,,* #. **,,,**,,,,,*
##### #.
**,_,,,,,...#######...##########.
,,,,,*,,,......W@.....'........>.
,,,,**,,,...#######...#########..
*,,,**,,,,,,* #...# #..
*,,,,*,,,,,,* #...# #..
**,,,,,,,,,,* #...# #..
***,,*,****** #...# ##.#
,,,,,,,,,*********#...# #...
,,,,,,,,,**,,,,,,,#...# #.#.
,,,,,,,,,**,,,,,,,#...# #.#.


You could see Pemander's ghost.

Vanquished Creatures
  A hound (D:3)
  4 adders (D:2)
  A worm (D:2)
  2 leopard geckos (D:1)
  2 orcs (D:3)
  2 ball pythons
  4 bats
  3 giant cockroaches (D:2)
  17 goblins
  6 hobgoblins
  13 jackals
  3 kobolds
  A quokka (D:3)
  3 frilled lizards
  9 rats
71 creatures vanquished.

Notes
Turn   | Place    | Note
-------+----------+-------------------------------------------
     0 | D:1      | wolfsongas the Demonspawn Fighter began the quest for the Orb.
     0 | D:1      | Reached XP level 1. HP: 18/18 MP: 1/1
    58 | D:1      | Reached skill level 2 in Axes
   158 | D:1      | Gained mutation: You are partially covered in thin metallic scales. (AC +2) [demonic ancestry]
   158 | D:1      | Reached XP level 2. HP: 19/24 MP: 2/2
   335 | D:1      | Reached skill level 3 in Axes
   409 | D:1      | Reached XP level 3. HP: 23/29 MP: 3/3
  1340 | D:2      | Gained mutation: You are immune to rotting. [demonic ancestry]
  1340 | D:2      | Reached XP level 4. HP: 35/35 MP: 4/4
  1366 | D:2      | Reached skill level 4 in Axes
  2035 | D:3      | Found a faded altar of an unknown god.
  2043 | D:3      | Became a worshipper of Dithmenos the Shadowed
  2043 | D:3      | Reached * piety under Dithmenos
  2208 | D:3      | Noticed Pemander's ghost (amateur TeAE)
  2216 | D:3      | Reached XP level 5. HP: 8/41 MP: 5/5
  2222 | D:3      | HP: 2/41 [Pemander's ghost (5)]
  2223 | D:3      | Slain by Pemander's ghost

Skill      XL: |  1  2  3  4 |
---------------+-------------+-----
Axes           | 2 3 4 |  4.9
Fighting       | |  3.0
Armour         | |  2.6
Shields        | |  2.6

Action                   |  1- 3 |  4- 6 || total
-------------------------+-------+-------++-------
Melee: War axe           |   109 |   131 ||   240
  Use: Scroll            |     1 |     8 ||     9
       Potion            |     1 |     5 ||     6
  Eat: Royal jelly       |     1 |       ||     1
       Meat ration       |       |     1 ||     1
Armor: Scale mail        |    60 |    87 ||   147
Dodge: Dodged            |    26 |    58 ||    84
Block: Shield            |    52 |    67 ||   119
